 Dungeon Crawl Stone Soup version 0.30.0-30-g96aa6591b8 (webtiles) character file.

Game seed: 4427726747259523403

343658 GeoRichter the Warrior (level 22, 0/133 HPs)
             Began as a Tengu Conjurer on June 27, 2023.
             Was the Champion of Hepliaklqana.
             Killed from afar by an ironbound thunderhulk (44 damage)
             ... with a bolt of lightning
             ... on level 4 of the Vaults on June 28, 2023.
             The game lasted 02:49:03 (64063 turns).

GeoRichter the Warrior (Tengu Conjurer)            Turns: 64063, Time: 02:49:04

Health: 0/133      AC: 25    Str: 12    XL:     22   Next: 6%
Magic:  6/38       EV: 23    Int: 24    God:    Hepliaklqana [******]
Gold:   2551       SH:  6    Dex: 17    Spells: 7/44 levels left

rFire   + . .        a - +9 lance "Wyrmbane" {slay drac, rPois rF+ rC+ AC+3}
rCold   + + .        E - +0 buckler
rNeg    + . .        f - +6 acid dragon scales
rPois   +            y - +1 hat
rElec   .            Z - +2 cloak of Cakhoifu {Contam Will++}
rCorr   +            T - +2 pair of gloves
SInv    .            (boots unavailable)
Will    +++..        p - amulet of regeneration
Stlth   ++           Y - ring "Siagro" {rPois rC+ rN+ Str+3}
HPRegen 1.22/turn    X - +4 ring of slaying
MPRegen 0.26/turn

%: no passive effects
@: lethally poisoned (0 -> 0), death channelling, marked, frozen, animating
dead, flying quickly and evasively, very slightly contaminated, slow
A: reduced essence, beak, talons 3, nimble flight
}: 2/15 runes: barnacled, gossamer
a: Renounce Religion, Recall Ancestor, Ancestor Identity, Transference, Idealise


You were on level 4 of the Vaults.
You worshipped Hepliaklqana.
Hepliaklqana was exalted by your worship.
You visited 7 branches of the dungeon, and saw 37 of its levels.
You visited 2 bazaars.
You also visited: Sewer and Ossuary.

You collected 4967 gold pieces.
You spent 2416 gold pieces at shops.

Inventory:

Hand Weapons
 a - the +9 lance "Wyrmbane" (weapon) {slay drac, rPois rF+ rC+ AC+3}
   (You took it off a deep elf death mage on level 3 of the Elven Halls)

   AC:        It affects your AC (+3).
   rF:        It protects you from fire.
   rC:        It protects you from cold.
   rPois:     It protects you from poison.
Armour
 f - +6 acid dragon scales (worn)
   (You found it on level 6 of the Dungeon)
 y - a +1 hat (worn)
   (You found it on level 5 of the Dungeon)
 z - the orb "Ytouwizoi" {guile, rElec Str+6 Dex-2}
   (You took it off a deep elf sorcerer on level 3 of the Elven Halls)

   Str:       It affects your strength (+6).
   Dex:       It affects your dexterity (-2).
   rElec:     It insulates you from electricity.
 E - a +0 buckler (worn)
   (You found it on level 9 of the Dungeon)
 T - a +2 pair of gloves (worn)
   (You found it on level 2 of the Lair of Beasts)
 Z - the +2 cloak of Cakhoifu (worn) {Contam Will++}
   (You bought it in a shop on level 1 of the Shoals)

   Contam:    It causes magical contamination when unequipped.
   Will:      It greatly increases your willpower.
Magical Staves
 b - the staff of conjuration "Qimnec" {rElec Dex+2, !a}
   (You acquired it on level 10 of the Dungeon)

   [staff of conjuration]

   Base accuracy: +5 Base damage: 5 Base attack delay: 1.2 This weapon's minimum
   attack delay (0.6) is reached at skill level 12.
   Dex:       It affects your dexterity (+2).
   rElec:     It insulates you from electricity.
   It falls into the 'Staves' category.
   It is a one-handed weapon.
Jewellery
 m - a ring of protection from fire
   (You found it on level 2 of the Vaults)
 p - an amulet of regeneration (around neck)
   (You found it on level 3 of the Dungeon)
 B - the ring "Qawer" {rF- Str+2 Int+6 Dex+5 SInv}
   (You took it off a deep elf elementalist on level 3 of the Elven Halls)

   [ring of intelligence]

   Str:       It affects your strength (+2).
   Int:       It affects your intelligence (+6).
   Dex:       It affects your dexterity (+5).
   rF:        It makes you vulnerable to fire.
   SInv:      It lets you see invisible.
 Q - an amulet of reflection
   (You found it on level 3 of the Spider Nest)
 R - the ring of Dim Light {Ice rElec rPois Int-3 Dex+5}
   (You found it on level 2 of the Spider Nest)

   [ring of ice]

   It enhances your ice magic.
   Int:       It affects your intelligence (-3).
   Dex:       It affects your dexterity (+5).
   rF:        It makes you vulnerable to fire.
   rC:        It protects you from cold.
   rElec:     It insulates you from electricity.
   rPois:     It protects you from poison.
 U - a +4 ring of protection
   (You took it off a merfolk on level 1 of the Shoals)
 X - a +4 ring of slaying (right hand)
   (You took it off a deep elf annihilator on level 3 of the Elven Halls)
 Y - the ring "Siagro" (left hand) {rPois rC+ rN+ Str+3}
   (You acquired it on level 4 of the Spider Nest)

   [ring of poison resistance]

   Str:       It affects your strength (+3).
   rC:        It protects you from cold.
   rPois:     It protects you from poison.
   rN:        It protects you from negative energy.
Wands
 C - a wand of mindburst (35)
   (You found it on level 6 of the Dungeon)
 D - a wand of quicksilver (6)
   (You found it on level 3 of the Elven Halls)
 N - a wand of digging (19)
   (You found it on level 3 of the Lair of Beasts)
 O - a wand of iceblast (13)
   (You found it on level 4 of the Lair of Beasts)
 P - a wand of polymorph (15)
   (You found it on level 9 of the Dungeon)
Scrolls
 c - 6 scrolls of amnesia
 d - a scroll of magic mapping
 e - 8 scrolls of fear
 i - 5 scrolls of enchant weapon
 j - 2 scrolls of silence
 l - 7 scrolls of noise {!r}
 n - 10 scrolls of teleportation {@r4}
 o - 7 scrolls of fog
 q - 7 scrolls of vulnerability {!r}
 t - 11 scrolls of immolation {!r}
 v - 4 scrolls of poison {!r}
 x - 4 scrolls of brand weapon
 G - 2 scrolls of summoning
 K - 3 scrolls of torment {!r}
 M - 4 scrolls of blinking
 W - 3 scrolls of enchant armour
Potions
 g - 5 potions of lignification {!q}
 h - 19 potions of curing {@q1}
 k - 8 potions of might
 s - 6 potions of mutation {!q}
 u - 4 potions of invisibility
 w - 6 potions of attraction {!q}
 A - 5 potions of brilliance
 F - 12 potions of ambrosia
 H - 2 potions of berserk rage
 I - 11 potions of haste {@q3}
 J - 6 potions of resistance
 L - 8 potions of heal wounds {@q2}
 S - 11 potions of cancellation
 V - 2 potions of magic
Miscellaneous
 r - a lightning rod (4/4) {!a}
   (You found it on level 7 of the Dungeon)


   Skills:
 + Level 18.3 Fighting
 - Level 10.3(12.0) Polearms
 - Level 9.8(11.7) Staves
 + Level 9.6 Armour
 + Level 15.7 Dodging
 - Level 2.0 Stealth
 - Level 5.0 Shields
 - Level 11.7 Spellcasting
 - Level 16.0 Conjurations
 - Level 3.0 Hexes
 * Level 9.4 Necromancy
 - Level 3.0 Translocations
 - Level 15.2 Fire Magic
 - Level 16.7 Air Magic
 - Level 6.5 Invocations
 - Level 4.0 Evocations


You had 7 spell levels left.
You knew the following spells:

 Your Spells              Type           Power      Damage    Failure   Level
a - Magic Dart            Conj           100%       1d8       0%          1
b - Searing Ray           Conj           100%       2d8       0%          2
c - Iskenderun's Mystic   Conj/Tloc      56%        2d12      1%          4
d - Fulminant Prism       Conj/Hex       28%        3d14      1%          4
e - Freezing Cloud        Conj/Ice/Air   30%        6-21      2%          5
f - Fireball              Conj/Fire      36%        3d15      1%          5
g - Plasma Beam           Fire/Air       37%        2x1d55    1%          6
h - Animate Dead          Necr           56%        N/A       1%          4
i - Death Channel         Necr           28%        N/A       26%         6

Your spell library contained the following spells:

 Spells                   Type           Power      Damage    Failure   Level
 Foxfire                  Conj/Fire      100%       2x1d9     0%          1
 Necrotise                Necr           100%       1d9       1%          1
 Cigotuvi's Dreadful Rot  Necr/Pois/Air  100%       N/A       1%          2
 Sublimation of Blood     Necr           56%        N/A       1%          2
 Dazzling Flash           Conj/Hex       100%       N/A       1%          3
 Hailstorm                Conj/Ice       51%        3d11      1%          3
 Inner Flame              Hex/Fire       55%        N/A       1%          3
 Vampiric Draining        Necr           56%        2d10      1%          3
 Volatile Blastmotes      Fire/Tloc      100%       2d18      1%          3
 Flame Wave               Conj/Fire      73%        2d16      1%          4
 Sticky Flame             Conj/Fire      73%        2d9       1%          4
 Iskenderun's Battlesphe  Conj           74%        2d12      1%          5
 Starburst                Conj/Fire      36%        6d11      1%          6
 Slow                     Hex            100%       N/A       2%          1
 Blink                    Tloc           56%        N/A       3%          2
 Lesser Beckoning         Tloc           56%        N/A       3%          2
 Ignite Poison            Fire/Tmut/Pois 38%        N/A       3%          3
 Agony                    Necr           56%        N/A       4%          5
 Silence                  Hex/Air        28%        N/A       4%          5
 Anguish                  Hex/Necr       21%        N/A       6%          4
 Ensorcelled Hibernation  Hex/Ice        42%        N/A       7%          2
 Confusing Touch          Hex            28%        N/A       7%          3
 Gell's Gravitas          Tloc           28%        N/A       7%          3
 Portal Projectile        Hex/Tloc       56%        N/A       7%          3
 Teleport Other           Tloc           28%        N/A       7%          3
 Beastly Appendage        Tmut           28%        N/A       9%          1
 Freeze                   Ice            56%        1d7       9%          1
 Irradiate                Conj/Tmut      25%        3d20      9%          5
 Wereblood                Tmut           14%        N/A       12%         2
 Call Canine Familiar     Summ           14%        N/A       24%         3
 Frozen Ramparts          Ice            28%        1d5       24%         3
 Ozocubu's Armour         Ice            14%        N/A       24%         3
 Spider Form              Tmut/Pois      14%        N/A       24%         3
 Manifold Assault         Tloc           28%        N/A       24%         4
 Passage of Golubria      Tloc           28%        N/A       24%         4
 Borgnjor's Vile Clutch   Necr/Erth      18%        N/A       32%         5
 Leda's Liquefaction      Hex/Erth       10%        N/A       41%         4
 Iron Shot                Conj/Erth      25%        9d5       43%         6
 Ice Form                 Ice/Tmut       14%        N/A       63%         4
 Petrify                  Tmut/Erth      14%        N/A       63%         4
 Summon Mana Viper        Hex/Summ       21%        N/A       77%         5
 Simulacrum               Ice/Necr       18%        N/A       88%         6
 Lee's Rapid Deconstruct  Erth           7%         3d6*      92%         5
 Storm Form               Tmut/Air       26%        N/A       92%         7
 Spellforged Servitor     Conj/Summ      25%        N/A       95%         7
 Statue Form              Tmut/Erth      9%         N/A       100%        6
 Ozocubu's Refrigeration  Ice            7%         4d9       100%        7
 Summon Hydra             Summ           7%         N/A       100%        7
 Lehudib's Crystal Spear  Conj/Erth      25%        10d7      100%        8
 Summon Horrible Things   Summ           7%         N/A       100%        8
 Polar Vortex             Ice            7%         N/A       100%        9


Dungeon Overview and Level Annotations

Branches:
Dungeon (15/15) Zot: 23456  Temple (0/1) D:6            Lair (5/5) D:10 Zot: 21913
 Shoals (4/4) Lair:3 Zot: 17432  Spider (4/4) Lair:2 Zot: 15241   Slime (0/5) Lair:5
    Orc (2/2) D:9 Zot: 8820     Elf (3/3) Orc:2 Zot: 11622  Vaults (4/5) D:14 Zot: 18799
  Crypt (0/3) Vaults:2     Depths (0/4) D:15          Sewer (visited)
Ossuary (visited)

Altars:
Ashenzari
Cheibriados
Hepliaklqana
Kikubaaqudgha
Makhleb
Okawaru
Ru
Trog
Uskayaw
Wu Jian
Xom
Yredelemnul
Zin
The Shining One
Jiyva

Shops:
D:8 !   D:13 [   Orc:2 =!?**   Elf:1 :   Elf:3 *   Shoals:1 [   Shoals:2 :
Vaults:2 (

Annotations:
D:6 2 transporters, MrAu's ghost, novice TeGl
Lair:3 1 runed translucent door
Shoals:3 1 runed translucent door
Shoals:4 2 transporters, Graphine's ghost, journeyman KoBr; Roxanne
Vaults:2 Mara


Innate Abilities, Weirdness & Mutations

Your life essence is reduced to manifest your ancestor. (-10% HP)
You have a beak for a mouth.
You have claws for feet.
Your magical nature lets you fly swiftly and evasively.


Message History

The vault warden blocks Nakurtum's attack.
The dead are walking!
A glowing mist starts to gather...
Your spectral yaktaur hits the ironbound thunderhulk!
Your spectral yaktaur drains the ironbound thunderhulk.
The vault guard misses you.
Your life force feels restored.
The vault warden blocks your attack.
You claw the vault warden, but do no damage.
The vault warden blocks your attack.
The vault warden is almost dead.
You feel sick.
The ironbound frostheart is engulfed in freezing vapours.
The ironbound thunderhulk is engulfed in freezing vapours.
The vault warden activates a sealing rune.
Your ironbound frostheart zombie is engulfed in freezing vapours.
Your ironbound frostheart zombie hits the vault sentinel.
The vault warden blocks your attack.
Your kick misses the vault warden. The vault warden blocks your attack.
The vault warden is almost dead.
The ice encasing you melts away.
You feel sick.
The yaktaur shoots a bolt.
The bolt hits you but does no damage.
Your yaktaur zombie is engulfed in freezing vapours.
Your yaktaur zombie hits the ironbound thunderhulk!
The vault sentinel hits your ironbound frostheart zombie with a +0 war axe!
The vault sentinel hits your spectral vault warden with a +0 war axe!
The vault sentinel hits your vault warden zombie with a +0 war axe!
The vault guard hits you but does no damage.
Your spectral vault warden closely misses the vault sentinel.
The vault warden blocks your attack.
You claw the vault warden. The vault warden blocks your attack.
The vault warden is almost dead.
You feel sick.
The ironbound frostheart is engulfed in freezing vapours.
The ironbound frostheart calls freezing cold from the walls.
The frost grips you. You resist.
* * * LOW HITPOINT WARNING * * *
You are encased in ice.
The frost grips your spectral yaktaur!!
Your spectral yaktaur resists.
The frost grips Nakurtum!!
Nakurtum resists.
The frost grips your yaktaur zombie!
Your yaktaur zombie resists.
The frost grips your ironbound frostheart zombie.
Your ironbound frostheart zombie resists.
The frost grips your vault warden zombie!
Your vault warden zombie resists.
Electricity crackles from the ironbound thunderhulk's apparatus.
The bolt of lightning hits you!!!
You die...

,*,,,,,,*,,,,,,,,*,,,,,,,,,,*,,,,
,*,,*,,,*,,,,,,,,********,,,*,,,,
,*,,,,,,..,,,,,,,*,,,,,,+,,,+,,,,
********#.########,,,,,,*,,,+,,,,
,*******#........#,,,,,,*,,,+,,,,
,,,,,,,*#..ยงยง....+,,,,,,*,,,*,,,,
,,,,,,,*#..ZOp.c.#,,,,,,*,,,*****
,,,,,,,*#.#ZZpR#.#,,,,,,*,,,,,,,,
,,,,,,,*#.....Z.@#,,,,,,*,,,,,,,,
,,,,,,,*#....Zp[p#,,,,,,*,,,,,,,,
,,,,,,,*########+########,,,,,,,,
,,,,,,,,,................,,,,,,,,
,********#......R........,,,,,,,,
,********#...............,,,,,,,,
,*,**,,,*#...............,,,,,,,,
,+,,*,,,*#...............,,,,,,,,
,**,,,,,*#...............,,,,,,,,


You could see the friendly Nakurtum the knight (reflecting), a vault warden, an
ironbound thunderhulk (drained), a vault guard, an ironbound frostheart (ally
target), a vault sentinel (distracted, catching breath, ally target), a yaktaur,
a friendly spectral yaktaur, a friendly spectral vault warden, a friendly
yaktaur zombie, a friendly vault warden zombie and a friendly ironbound
frostheart zombie.

Vanquished Creatures
  Bai Suzhen (Spider:3)
  The ghost of Zosacw the Slingshot, an adept HaHu of Okawaru (Spider:2)
  Rupert (Lair:4)
  A deep elf master archer (Elf:3)
  A deep elf blademaster (Elf:2)
  Polyphemus (Shoals:3)
  A kraken (Shoals:1)
  4 deep elf sorcerers (Elf:3)
  Louise (Shoals:4)
  4 vault wardens
  4 emperor scorpions
  3 ghost moths
  An orc warlord (Vaults:3)
  4 very ugly things
  2 deep elf elementalists (Elf:3)
  12 ironbound preservers
  A broodmother (Spider:4)
  3 ironbound thunderhulks
  7 deep elf demonologists
  3 deep elf annihilators (Elf:3)
  The ghost of Mefist the Eclecticist, a journeyman DEFE of Sif Muna (D:13)
  2 spark wasps
  Azrael (Orc:2)
  4 deep elf death magi (Elf:3)
  2 merfolk impalers (Shoals:4)
  5 deep elf high priests
  An entropy weaver (Vaults:1)
  3 merfolk javelineers
  Josephine (Lair:5)
  9 great orbs of eyes
  7 vault guards
  4 yaktaur captains
  A catoblepas (Shoals:3)
  3 rakshasas (D:13)
  A peacekeeper (Vaults:3)
  10 ironbound frosthearts
  2 merfolk avatars
  3 radroaches
  Erica (D:8)
  12 centaur warriors
  An ogre mage (D:15)
  2 hydras
  2 tengu warriors
  6 two-headed ogres
  A death scarab (Spider:4)
  8 boulder beetles
  3 satyrs
  5 merfolk aquamancers
  3 death yaks (Lair:5)
  A vampire mage (D:15)
  17 dancing weapons
  4 orc high priests (Orc:2)
  13 deep elf knights
  5 skysharks
  6 skeletal warriors (D:15)
  6 pharaoh ants
  30 deep trolls
  4 sun moths
  5 sea snakes
  11 orb spiders
  A glowing orange brain (Vaults:3)
  2 phantasmal warriors (Vaults:2)
  A necromancer (Vaults:4)
  5 wizards
  9 deep elf archers (Elf:1)
  20 deep elf zephyrmancers
  A golden dragon skeleton (D:15)
  6 lindwurms
  27 deep elf pyromancers
  A tengu zombie (D:15)
  14 ironbound convokers
  4 orc knights
  16 harpies
  7 steelbarb worms
  An orc sorcerer (Orc:2)
  A tengu skeleton (Vaults:4)
  11 fauns
  23 ugly things
  14 wolf spiders
  12 manticores
  7 cyclopes
  9 elephants
  A moth of wrath (Spider:4)
  10 water nymphs
  7 merfolk sirens
  7 vault sentinels
  2 gargoyles
  A human skeleton (Vaults:4)
  4 black mambas
  2 kobold demonologists
  9 torpor snails
  6 demonic crawlers
  5 cane toads
  An unseen horror (D:11)
  2 efreet
  9 komodo dragons
  A tengu conjurer (D:15)
  20 yaktaurs
  A merfolk (shapeshifter) (Vaults:3)
  A troll (D:13)
  9 meliai
  12 merfolk
  4 wind drakes
  3 polar bears (Lair:5)
  3 hornets
  15 tarantellas
  11 dream sheep
  3 snapping turtles
  2 ettin zombies
  An ettin skeleton (D:15)
  25 jumping spiders
  A shadow (D:12)
  27 slime creatures
  5 wraiths (Lair:5)
  17 culicivoras
  2 wyverns
  2 vampires
  A basilisk (Lair:3)
  14 water elementals
  An elf zombie (Vaults:4)
  8 fire elementals
  19 yaks
  4 steam dragons
  3 fire bats (D:11)
  45 redbacks
  15 vampire mosquitoes
  2 deep troll zombies (Vaults:2)
  A warg (Orc:2)
  10 water moccasins
  3 hell hounds (Orc:2)
  4 acid dragons
  A human simulacrum (Vaults:4)
  An ice beast (D:7)
  A sky beast (shapeshifter) (D:15)
  16 orc warriors
  9 ogres
  A human zombie (Vaults:3)
  3 sky beasts
  9 centaurs
  9 wolves
  A phantom (D:7)
  3 kobold brigands
  A yaktaur zombie (Vaults:2)
  13 bullfrogs
  5 scorpions
  An earth elemental (Elf:1)
  5 wights
  40 killer bees
  An electric eel (D:10)
  2 centaur zombies (Ossuary)
  2 howler monkeys (D:5)
  3 bullfrog zombies
  6 hounds
  2 jellies (D:4)
  17 orc priests
  3 gnoll boudas (D:7)
  4 iguanas
  3 scorpion zombies (Ossuary)
  18 orc wizards
  The ghost of Tyszek the Sneak, a weakling MiDe (D:5)
  A mummy (Ossuary)
  9 gnolls
  16 adders
  12 river rats (Sewer)
  A shadow imp (D:7)
  A white imp (D:7)
  An ufetubus (D:4)
  3 adder zombies (Ossuary)
  2 worms
  47 orcs
  13 ball pythons
  4 bats
  10 endoplasms
  4 giant cockroaches
  7 goblins
  8 hobgoblins
  2 jackals (D:3)
  40 kobolds
  5 quokkas
  2 frilled lizards
  A gnoll zombie (Ossuary)
  A hobgoblin zombie (Ossuary)
  3 orc zombies (Ossuary)
  26 rats
  A tentacle (Shoals:1)
1216 creatures vanquished.

Vanquished Creatures (collateral kills)
  Nikola (Shoals:4)
  2 deep elf blademasters (Elf:3)
  A revenant (Vaults:2)
  A ghost moth (Spider:3)
  4 vault wardens
  A deep elf sorcerer (Elf:3)
  An orc warlord (Vaults:2)
  2 ironbound preservers (Vaults:2)
  2 very ugly things
  A war gargoyle (Vaults:4)
  A stone giant (Vaults:3)
  An ironbound thunderhulk (Vaults:3)
  A deep elf demonologist (Elf:3)
  2 deep elf annihilators (Elf:3)
  A spark wasp (Spider:4)
  3 merfolk impalers
  3 entropy weavers
  2 rakshasas
  2 great orbs of eyes
  A vault guard (Vaults:2)
  A salamander tyrant (D:11)
  A hydra (D:13)
  2 jorogumos
  An ice dragon (shapeshifter) (Elf:2)
  A satyr (Shoals:3)
  An ironbound frostheart (Vaults:3)
  3 radroaches (Spider:4)
  2 centaur warriors
  A two-headed ogre (D:10)
  2 boulder beetles
  4 dancing weapons
  A death knight (Vaults:2)
  4 death yaks
  3 deep elf knights
  2 skysharks (Shoals:1)
  A sun moth (Spider:4)
  16 deep trolls
  3 pharaoh ants
  4 sea snakes
  3 deep elf archers
  A glowing orange brain (Vaults:3)
  A necromancer (D:15)
  6 steelbarb worms
  4 ironbound convokers
  A deep elf zephyrmancer (Elf:1)
  3 deep elf pyromancers
  6 harpies
  A faun (Shoals:4)
  A wolf spider (Spider:2)
  7 ugly things
  4 elephants
  4 manticores
  A demonic crawler (Spider:1)
  2 merfolk sirens (Shoals:4)
  2 water nymphs
  3 vault sentinels
  2 torpor snails
  A komodo dragon (Lair:5)
  4 cane toads
  6 yaktaurs
  A guardian mummy (D:15)
  10 merfolk
  3 trolls
  A troll (shapeshifter) (D:14)
  A meliai (Spider:4)
  Grinder (D:5)
  6 tarantellas
  A queen bee (D:13)
  A wind drake (Shoals:4)
  3 snapping turtles
  3 blink frogs (Lair:5)
  A hornet (D:9)
  A dream sheep (Shoals:2)
  3 culicivoras (Spider:4)
  7 jumping spiders
  3 slime creatures
  10 water elementals
  An air elemental (Elf:1)
  3 wyverns
  8 yaks
  A human (Lair:3)
  3 basilisks
  17 redbacks
  A steam dragon (D:8)
  5 vampire mosquitoes
  A redback simulacrum (D:15)
  5 water moccasins
  10 orc warriors
  A sky beast (D:6)
  4 ogres
  A wolf (Lair:3)
  3 centaurs (D:12)
  2 kobold brigands
  2 gnoll sergeants
  2 bullfrogs
  An earth elemental (Elf:3)
  A water moccasin zombie (Ossuary)
  A wight (D:10)
  5 killer bees
  3 electric eels (D:10)
  2 howler monkeys (D:7)
  A bullfrog zombie (Ossuary)
  A gnoll bouda (D:7)
  10 orc priests
  A hound (D:6)
  3 jellies (Lair:5)
  A sleepcap (D:7)
  2 iguanas
  7 orc wizards
  6 gnolls
  An adder (D:5)
  An ufetubus (D:7)
  An adder zombie (Ossuary)
  19 orcs
  3 goblin zombies (Ossuary)
  2 hobgoblin zombies (Ossuary)
  2 kobolds
  An orc zombie (Ossuary)
350 creatures vanquished.

Vanquished Creatures (others)
  A deep elf master archer (Elf:3)
  A ghost moth (Spider:4)
  3 centaur warriors
  4 centaur zombies (Vaults:3)
  5 human zombies
  2 dream sheep (Shoals:4)
  A culicivora (Spider:4)
  An elf zombie (Vaults:3)
  A merfolk zombie (Vaults:3)
  7 deep troll zombies (Vaults:2)
  A yaktaur zombie (Vaults:2)
  An orc priest (Orc:2)
  30 knights
  An ancestor (D:4)
  81 fulminant prisms
  6 tentacles (Shoals:1)
146 creatures vanquished.

Grand Total: 1712 creatures vanquished

Notes
Turn   | Place    | Note
-------+----------+-------------------------------------------
     0 | D:1      | GeoRichter the Tengu Conjurer began the quest for the Orb.
     0 | D:1      | Reached XP level 1. HP: 10/10 MP: 4/4
   783 | D:1      | Reached XP level 2. HP: 15/15 MP: 4/6
   809 | D:1      | Learned a level 2 spell: Searing Ray
  1290 | D:2      | Reached XP level 3. HP: 19/19 MP: 0/7
  1552 | D:2      | Reached XP level 4. HP: 24/24 MP: 4/9
  1808 | D:2      | Found a glowing silver altar of Zin.
  2267 | D:3      | Gained mutation: Your magical nature lets you fly swiftly
                  | and evasively. [Tengu growth]
  2267 | D:3      | Reached XP level 5. HP: 28/28 MP: 4/10
  2331 | D:3      | Learned a level 4 spell: Iskenderun's Mystic Blast
  2470 | D:3      | Found a faded altar of an unknown god.
  2811 | D:3      | Noticed an ogre
  2815 | D:3      | Killed an ogre
  2816 | D:3      | Reached XP level 6. HP: 32/32 MP: 3/12
  3532 | D:3      | Found a snail-covered altar of Cheibriados.
  3647 | D:4      | Found a hazy altar of Hepliaklqana.
  3647 | D:4      | Found an ancient bone altar of Kikubaaqudgha.
  3650 | D:4      | Became a worshipper of Hepliaklqana the Forgotten
  3837 | D:4      | Found a glowing drain.
  3851 | Sewer    | Entered a sewer
  4354 | Sewer    | Reached XP level 7. HP: 34/36 MP: 2/14
  5440 | D:4      | Reached * piety under Hepliaklqana
  5784 | D:4      | Reached skill level 10 in Conjurations
  6314 | D:5      | Entered Level 5 of the Dungeon
  6328 | D:5      | Identified the +1 robe "Enau" {rPois Will+ SInv}
  6710 | D:5      | Found a runed translucent gate.
  6711 | D:5      | Found a runed translucent gate.
  6713 | D:5      | Found a runed translucent gate.
  6715 | D:5      | Noticed Tyszek's ghost (weakling MiDe)
  6887 | D:5      | Reached skill level 5 in Spellcasting
  6887 | D:5      | Reached XP level 8. HP: 36/36 MP: 6/16
  6965 | D:5      | Reached ** piety under Hepliaklqana
  6966 | D:5      | Remembered your ancestor Nakurtum as a knight
  7101 | D:5      | Found a shimmering altar of Xom.
  7197 | D:5      | Noticed Grinder
  7227 | D:5      | Paralysed by Grinder for 3 turns
  7230 | D:5      | Killed Grinder
  7809 | D:5      | Killed Tyszek's ghost
  8212 | D:6      | Reached XP level 9. HP: 40/40 MP: 2/19
  8425 | D:6      | Reached skill level 1 in Translocations
  8495 | D:6      | Reached skill level 1 in Hexes
  8569 | D:6      | Found a staircase to the Ecumenical Temple.
  8818 | D:6      | Found a transporter.
  8824 | D:6      | Found a transporter.
  8838 | D:6      | Identified the +8 trident "Jejasur" {venom, rN+ Str+3}
  8944 | D:6      | Identified the ring of Bituiji {rPois MP+9 Str+4}
  8956 | D:6      | Noticed MrAu's ghost (novice TeGl)
  9208 | D:7      | Reached *** piety under Hepliaklqana
  9237 | D:7      | Identified the +1 leather armour of the Trout {*Slow rC+
                  | Int+2 Dex+8}
  9449 | D:7      | Found a bloodstained altar of Trog.
  9493 | D:7      | Learned a level 4 spell: Fulminant Prism
  9697 | D:7      | Reached skill level 1 in Fighting
  9731 | D:7      | Found a burning altar of Makhleb.
  9782 | D:7      | Reached skill level 1 in Armour
  9843 | D:7      | Noticed a hornet
  9849 | D:7      | Killed a hornet
  9850 | D:7      | Reached skill level 2 in Fighting
  9850 | D:7      | Reached XP level 10. HP: 48/48 MP: 11/21
 10106 | D:7      | Noticed a kobold demonologist
 10108 | D:7      | Noticed a cyclops
 10110 | D:7      | Reached skill level 3 in Fighting
 10111 | D:7      | Noticed a two-headed ogre
 10320 | D:7      | Identified the +0 chain mail of Nemelex Xobeh's Envy {Will+
                  | Str-4 Slay+2}
 10563 | D:7      | Killed a cyclops
 10793 | D:7      | Reached skill level 4 in Fighting
 10798 | D:7      | Noticed a smoke demon
 10842 | D:7      | Noticed a smoke demon
 10850 | D:7      | Killed a kobold demonologist
 11257 | D:7      | Noticed a gargoyle
 11280 | D:7      | Killed a gargoyle
 11281 | D:7      | Reached skill level 5 in Fighting
 11509 | D:8      | Reached skill level 5 in Dodging
 11650 | D:8      | Found a sand-covered staircase.
 11659 | Ossuary  | Entered an ossuary
 11801 | Ossuary  | Reached XP level 11. HP: 57/57 MP: 19/24
 11898 | Ossuary  | Reached skill level 6 in Fighting
 12418 | D:8      | Noticed Erica
 12426 | D:8      | Killed Erica
 12427 | D:8      | Reached skill level 5 in Armour
 12840 | D:8      | Reached **** piety under Hepliaklqana
 12914 | D:8      | Found Veusuos's Distillery.
 12952 | D:8      | Bought 2 potions of heal wounds for 120 gold pieces
 12952 | D:8      | Bought a potion of resistance for 120 gold pieces
 13561 | D:9      | Found a sacrificial altar of Ru.
 13661 | D:9      | Reached skill level 7 in Fighting
 13711 | D:9      | Found a staircase to the Orcish Mines.
 13991 | D:9      | Found an ornate altar of the Wu Jian Council.
 14078 | D:9      | Paralysed by a hornet for 3 turns
 14201 | D:10     | Entered Level 10 of the Dungeon
 14394 | D:10     | Noticed a two-headed ogre
 14410 | D:10     | Killed a two-headed ogre
 15036 | D:10     | Identified 2 scrolls of acquirement
 15039 | D:10     | Acquired the staff of conjuration "Qimnec" {rElec Dex+2}
 15044 | D:10     | Acquired a Trismegistus Codex
 15075 | D:10     | Found a staircase to the Lair.
 15282 | D:10     | Reached ***** piety under Hepliaklqana
 15300 | D:10     | Found a basalt altar of Yredelemnul.
 15581 | Lair:1   | Entered Level 1 of the Lair of Beasts
 15681 | Lair:1   | Reached skill level 8 in Fighting
 15713 | Lair:1   | Reached skill level 1 in Evocations
 15794 | Lair:1   | Reached skill level 1 in Invocations
 16296 | Lair:1   | Reached XP level 12. HP: 67/67 MP: 7/25
 16880 | Lair:2   | Reached skill level 9 in Fighting
 17470 | Lair:2   | Found a hole to the Spider Nest.
 17735 | Lair:2   | Found a basalt altar of Yredelemnul.
 18300 | Lair:3   | Noticed a boulder beetle
 18316 | Lair:3   | Noticed a boulder beetle
 18329 | Lair:3   | Killed a boulder beetle
 18330 | Lair:3   | Reached skill level 10 in Fighting
 18341 | Lair:3   | Killed a boulder beetle
 18505 | Lair:3   | Found a staircase to the Shoals.
 18615 | Lair:3   | Learned a level 5 spell: Freezing Cloud
 18854 | Lair:3   | Reached ****** piety under Hepliaklqana
 19056 | Lair:3   | Found a runed translucent door.
 19070 | Lair:3   | Noticed a vampire mage
 19405 | Lair:4   | Noticed Rupert
 19411 | Lair:4   | Killed Rupert
 19545 | Lair:4   | Reached XP level 13. HP: 34/74 MP: 3/27
 19771 | Lair:4   | Identified the +3 plate armour "Pumus" {rN++}
 20000 | Lair:4   | Found a hide-covered altar of Uskayaw.
 20001 | Lair:4   | Found an ornate altar of the Wu Jian Council.
 20017 | Lair:4   | Reached skill level 11 in Fighting
 20017 | Lair:4   | Reached skill level 5 in Air Magic
 20113 | Lair:4   | You are sucked into a shaft and drop 1 floor!
 20113 | Lair:5   | Entered Level 5 of the Lair of Beasts
 21201 | Lair:5   | Reached skill level 1 in Shields
 21314 | Lair:5   | Reached skill level 5 in Invocations
 21383 | Lair:5   | Noticed Josephine
 21515 | Lair:5   | Killed Josephine
 21782 | Lair:5   | Found a staircase to the Slime Pits.
 21842 | Lair:5   | Found a viscous altar of Jiyva.
 22335 | Lair:5   | Reached skill level 5 in Shields
 22532 | Lair:5   | Reached skill level 1 in Staves
 22748 | Lair:5   | Reached XP level 14. HP: 77/81 MP: 4/28
 23820 | Orc:1    | Entered Level 1 of the Orcish Mines
 23836 | Orc:1    | Reached skill level 12 in Fighting
 24424 | Orc:2    | Entered Level 2 of the Orcish Mines
 24536 | Orc:2    | Found a staircase to the Elven Halls.
 25382 | Orc:2    | Noticed Azrael
 25597 | Orc:2    | Killed Azrael
 26279 | Orc:2    | Found Loraon's Jewellery Shop.
 26361 | Orc:2    | Found Toirohirr's Distillery.
 26361 | Orc:2    | Found Atasez's General Store.
 26362 | Orc:2    | Found Yqor's General Store.
 26366 | Orc:2    | Found Mavabegu's Magic Scroll Shoppe.
 26369 | Orc:2    | Bought 2 potions of heal wounds for 150 gold pieces
 26369 | Orc:2    | Bought a potion of haste for 150 gold pieces
 26369 | Orc:2    | Bought a potion of haste for 150 gold pieces
 26370 | Orc:2    | Bought a scroll of blinking for 112 gold pieces
 26371 | Orc:2    | Bought a potion of haste for 150 gold pieces
 27512 | D:11     | Found a broken altar of Ashenzari.
 28275 | D:12     | Reached skill level 10 in Spellcasting
 28844 | D:12     | Reached skill level 10 in Air Magic
 29341 | D:13     | Reached XP level 15. HP: 87/87 MP: 19/30
 29532 | D:13     | Reached skill level 5 in Staves
 29680 | D:13     | Found a runed translucent gate.
 29680 | D:13     | Found a runed translucent gate.
 29718 | D:13     | Found a runed translucent gate.
 29718 | D:13     | Noticed Mefist's ghost (journeyman DEFE)
 29805 | D:13     | Found Emef's Armour Shoppe.
 29951 | D:13     | Reached skill level 15 in Conjurations
 30522 | D:13     | Killed Mefist's ghost
 30620 | D:13     | Identified the +3 lajatang "Ariqeosk" {drain, +Blink rCorr
                  | Dex+5}
 30979 | D:14     | You are sucked into a shaft and drop 1 floor!
 30979 | D:15     | Entered Level 15 of the Dungeon
 31136 | D:14     | Found a gate to the Vaults.
 31142 | D:14     | Reached skill level 10 in Dodging
 31277 | D:14     | Found a glowing golden altar of the Shining One.
 32349 | D:15     | Reached skill level 13 in Fighting
 33225 | D:15     | Reached XP level 16. HP: 93/93 MP: 15/31
 33610 | D:15     | Learned a level 5 spell: Fireball
 33753 | D:15     | Found a staircase to the Depths.
 34469 | Spider:1 | Entered Level 1 of the Spider Nest
 34638 | Spider:1 | Reached skill level 1 in Fire Magic
 35160 | Spider:1 | Identified the +2 leather armour "Icegaro" {Int-4 Dex+8
                  | SInv Stlth+}
 36932 | Spider:2 | Found a runed translucent gate.
 36946 | Spider:2 | Noticed Zosacw's ghost (adept HaHu)
 36949 | Spider:2 | Found a runed translucent gate.
 36949 | Spider:2 | Found a runed translucent gate.
 37231 | Spider:2 | Reached skill level 5 in Fire Magic
 38318 | Spider:3 | Noticed Bai Suzhen
 39745 | Spider:3 | Reached XP level 17. HP: 78/99 MP: 1/33
 39831 | Spider:3 | Killed Bai Suzhen
 39832 | Spider:3 | Reached skill level 14 in Fighting
 40080 | Spider:4 | Entered Level 4 of the Spider Nest
 40453 | Shoals:1 | Entered Level 1 of the Shoals
 40462 | Shoals:1 | Learned a level 6 spell: Plasma Beam
 40499 | Shoals:1 | Found Agatep's Armour Emporium.
 41082 | Shoals:1 | Bought the +2 cloak of Cakhoifu {Contam Will++} for 478
                  | gold pieces
 41682 | Shoals:1 | Noticed a kraken
 41698 | Shoals:1 | Killed a kraken
 42687 | Shoals:2 | Found Pureir's Book Boutique.
 43772 | Shoals:3 | Reached skill level 10 in Fire Magic
 44375 | Shoals:3 | Noticed Polyphemus
 44414 | Shoals:3 | Killed Polyphemus
 44648 | Shoals:3 | Found a runed translucent door.
 45056 | Shoals:4 | Entered Level 4 of the Shoals
 45180 | Shoals:4 | Found a transporter.
 45235 | Shoals:4 | Reached skill level 15 in Fighting
 45235 | Shoals:4 | Reached XP level 18. HP: 62/107 MP: 14/34
 45275 | Shoals:4 | Noticed Graphine's ghost (journeyman KoBr)
 46029 | Shoals:4 | Found a broken altar of Ashenzari.
 46278 | Shoals:4 | Noticed Louise
 46280 | Shoals:4 | Noticed Nikola
 46284 | Shoals:4 | Killed Louise
 46420 | Shoals:4 | Reached skill level 15 in Air Magic
 46542 | Shoals:4 | Identified the +9 battleaxe of Qaemmiath {pain, Str+4 Dex+3
                  | SInv}
 46585 | Shoals:4 | Killed Nikola
 46732 | Shoals:4 | Got a barnacled rune of Zot
 46766 | Shoals:4 | Identified Roxanne's Vellum of Composition
 46766 | Shoals:4 | Noticed Roxanne
 47096 | Shoals:4 | Found an iron altar of Okawaru.
 47117 | Shoals:4 | Found a transporter.
 47523 | Elf:1    | Entered Level 1 of the Elven Halls
 48325 | Elf:1    | Found Rotsair's Tremendous Tomes.
 49430 | Elf:1    | Got the Enchiridion on the Congregation
 50793 | Elf:2    | Found a runed translucent gate.
 50793 | Elf:2    | Found a runed translucent gate.
 50799 | Elf:2    | Found a runed translucent gate.
 50835 | Elf:2    | Reached XP level 19. HP: 84/112 MP: 3/35
 51642 | Elf:2    | Reached skill level 16 in Fighting
 52320 | Elf:3    | Entered Level 3 of the Elven Halls
 52836 | Elf:3    | Found an ancient bone altar of Kikubaaqudgha.
 52957 | Elf:3    | Identified the +6 chain mail "Qitubi" {rElec Int-4 Dex+2}
 53015 | Elf:3    | Found Fapaeh's General Store.
 53026 | Elf:3    | Bought a potion of mutation for 136 gold pieces
 53649 | Elf:3    | Noticed a Brimstone Fiend
 53682 | Elf:3    | Reached skill level 15 in Fire Magic
 53921 | Elf:3    | Identified the +2 falchion of Ruugokuc {protect, rPois
                  | Str+2 Int+4}
 53992 | Elf:3    | Reached skill level 1 in Polearms
 54054 | Elf:3    | Identified the ring "Qawer" {rF- Str+2 Int+6 Dex+5 SInv}
 54192 | Elf:3    | Identified the orb "Ytouwizoi" {guile, rElec Str+6 Dex-2}
 54251 | Elf:3    | Got Lafro's Compendium of Polar Kindling
 54801 | Spider:2 | Reached skill level 1 in Necromancy
 54898 | Spider:2 | Killed Zosacw's ghost
 54907 | Spider:2 | Identified the ring of Dim Light {Ice rElec rPois Int-3
                  | Dex+5}
 55029 | Spider:2 | Acquired 473 gold pieces
 55596 | Spider:4 | Reached XP level 20. HP: 118/118 MP: 5/36
 55854 | Spider:4 | Reached skill level 5 in Polearms
 57019 | Spider:4 | Acquired the ring "Siagro" {rPois rC+ rN+ Str+3}
 57807 | Spider:4 | Got a gossamer rune of Zot
 58215 | Vaults:1 | Entered Level 1 of the Vaults
 58273 | Vaults:1 | Reached skill level 17 in Fighting
 58981 | Vaults:1 | Identified the +4 glaive of Sloth {drain, +Blink Fly
                  | Stlth+}
 59636 | Vaults:1 | Reached skill level 10 in Polearms
 59705 | Vaults:1 | Learned a level 4 spell: Animate Dead
 60167 | Vaults:2 | Reached XP level 21. HP: 104/126 MP: 15/37
 60395 | Vaults:2 | Learned a level 6 spell: Death Channel
 60509 | Vaults:2 | Reached skill level 5 in Necromancy
 60771 | Vaults:2 | Found a staircase to the Crypt.
 60862 | Vaults:2 | Noticed Mara
 60890 | Vaults:2 | Noticed GeoRichter's illusion
 61081 | Vaults:2 | Found Zoigiech's Weapon Shop.
 61094 | Vaults:2 | Reached skill level 15 in Dodging
 61742 | Vaults:2 | Reached skill level 18 in Fighting
 62127 | Vaults:3 | Found a flickering gateway to a bazaar.
 62138 | Bazaar   | Entered a bazaar
 62138 | Bazaar   | Found Viclueh's Magic Scroll Shop.
 62138 | Bazaar   | Found Irchaugiu's Assorted Antiques.
 62138 | Bazaar   | Found Ydufiuc's Magic Scroll Shop.
 62140 | Bazaar   | Found Eppieg's Armour Shoppe.
 62140 | Bazaar   | Found Sasiapick's Distillery.
 62174 | Bazaar   | Bought a scroll of blinking for 97 gold pieces
 62177 | Bazaar   | Bought a scroll of summoning for 85 gold pieces
 62177 | Bazaar   | Bought a scroll of teleportation for 27 gold pieces
 62180 | Bazaar   | Bought a scroll of magic mapping for 67 gold pieces
 62183 | Bazaar   | Bought a potion of invisibility for 136 gold pieces
 62183 | Bazaar   | Bought a potion of heal wounds for 85 gold pieces
 62183 | Bazaar   | Bought a potion of might for 68 gold pieces
 62183 | Bazaar   | Bought a potion of might for 68 gold pieces
 62183 | Bazaar   | Bought a potion of cancellation for 136 gold pieces
 62191 | Bazaar   | Bought a scroll of teleportation for 81 gold pieces
 63567 | Vaults:4 | Found a flickering gateway to a bazaar.
 63574 | Bazaar   | Entered a bazaar
 63632 | Bazaar   | Found Nihoos's Magic Scroll Emporium.
 63648 | Bazaar   | Found Kiluek's Weapon Shoppe.
 63731 | Vaults:4 | Reached XP level 22. HP: 127/131 MP: 31/38
 64063 | Vaults:4 | Killed from afar by an ironbound thunderhulk

Illustrated notes

Levels and vault maps discovered:
D:1:      lemuel_arrival_river_ford, layout_loops_ring, serial_forest,
          infiniplex_forest_corner_2, infiniplex_forest_lined_corner,
          infiniplex_forest_lined_room_2, infiniplex_forest_zigzag_2,
          infiniplex_forest_clump_tiny, infiniplex_forest_clump_C,
          infiniplex_forest_split, infiniplex_forest_clump_tiny
D:2:      layout_rooms, basic_altar
D:3:      minmay_diamond_boxcup, layout_loops_corners, lemuel_round_altar,
          chequers_ecumenical_altar_simple, minmay_misc_feat_encased,
          nicolae_titane
D:4:      layout_basic, gammafunk_temple_overflow_elements, gup_sewer_entry_pipe
D:5:      layout_loops_corners, kennysheep_little_box,
          gammafunk_ghost_necromancy, mrwooster_statue_mirror, uniq_grinder
D:6:      layout_cave_pools, minmay_temple_entry_statues_pillars,
          gammafunk_ghost_gnarly_gnolls, minivault_19, st_stairs_11
D:7:      nzn_winding_woodlands_stair_cross
          [nzn_winding_woodlands_5x15_split_checker,
          nzn_winding_woodlands_center_lodge,
          nzn_winding_woodlands_5x15_sawtooth,
          nzn_winding_woodlands_5x5_perimeter, nzn_winding_woodlands_hourglass,
          nzn_winding_woodlands_5x15_twine,
          nzn_winding_woodlands_center_triple_pond,
          nzn_winding_woodlands_5x15_parted], layout_basic, trog_butcher_becter,
          mainiacjoe_overflow_catwalk
D:8:      layout_loops_ring, serial_shops, shop, nicolae_ossuary_entry_ruins,
          uniq_erica
D:9:      layout_irregular_city, mainiacjoe_overflow_24_doors,
          nzn_wu_jian_contemplation
D:10:     layout_basic, kennysheep_mini_moat, lair_entry_dummy
D:11:     minmay_firetagon, layout_basic, cheibrodos_ashenzari_chains
D:12:     layout_basic, special_room [special_room_orc],
          minmay_misc_feat_secret_circle
D:13:     layout_roguey [special_room_bee], serial_shops, nicolae_shop_trees,
          gammafunk_ghost_hydra_chop, nicolae_burly_brawl
D:14:     layout_stronghold, lightli_vaults_fourway_checkpoint,
          lemuel_coloured_pillars_altar
D:15:     gammafunk_depths_entry_grave, layout_basic, minivault_14,
          wad_floor_pattern_1, serial_park_tiny_2
Lair:1:   layout_regular_city, grunt_megastairs_2
Lair:2:   layout_regular_city, spider_nest_entry_a, lemuel_altar_in_water2
Lair:3:   layout_roguey, elwin_shoals_entry_rooms, pdpol_lair_cabin_in_the_woods
Lair:4:   layout_cellular_growth, nzn_masters_of_martial_movement, uniq_rupert
Lair:5:   gammafunk_lair_ancient_temple, layout_regular_city,
          nicolae_slime_entry_slimehenge, grunt_forest_small_clearing_treed,
          uniq_josephine
Shoals:1: layout_shoals, serial_shops, nicolae_shop_mannequins
Shoals:2: layout_shoals, serial_shops, nicolae_shop_tiny_glass
Shoals:3: nicolae_shoals_offshore_bank_account, layout_shoals,
          nicolae_shoals_elemental_ambush, uniq_polyphemus
Shoals:4: shoals_end_grunt_garden, layout_shoals,
          gammafunk_ghost_berserking_beasts, hangedman_feature_mirror,
          uniq_roxanne, uniq_louise, uniq_nikola
Spider:1: layout_spider_delve
Spider:2: layout_chambers, gammafunk_ghost_split
Spider:3: layout_spider_delve, nicolae_spider_eight_legs, uniq_bai_suzhen
Spider:4: hellmonk_spider_rune_bug_friends
Orc:1:    layout_diamond_mine, nicolae_orc_lost_temple
Orc:2:    st_orc_mages, layout_diamond_mine, minmay_shop_enchanted_jewellery,
          uniq_azrael
Elf:1:    elf_arrival_001, layout_geoelf_diagonals, minmay_elf_demonology,
          nicolae_shop_i_like_big_books, grunt_megastairs_4
Elf:2:    nicolae_elf_blades_splatter_lattice [mumra_blade_entry_dagger],
          layout_loops_ring, grunt_megastairs_5
Elf:3:    grunt_elf_hall_asides, layout_rooms, serial_shops, shop, basic_altar
Vaults:1: nicolae_vaults_puzzle_piece, hangedman_vaults_stagger,
          nicolae_vaults_network_periphery, nicolae_vaults_inception_statues,
          hangedman_vaults_impose, nicolae_vaults_steering_wheel,
          nicolae_vaults_shelves_hall, vaults_room_semicircle, v_misc_30,
          hangedman_vaults_impose, ontoclasm_vaults_claustrophobia,
          nicolae_vaults_shipping_containers_3, v_misc_18,
          nicolae_vaults_tetromino_T_2, vaults_dpeg_ring,
          nicolae_vaults_rhombus_5, layout_vaults_maze_bifur
Vaults:2: hangedman_vaults_river_flow, nicolae_vaults_apartment_2,
          minmay_crypt_entry_simple_statues, nicolae_vaults_asterisk,
          nicolae_vaults_circle_grid_b, v_misc_29, nicolae_vaults_rhombus_6,
          nicolae_vaults_taking_the_gang_shopping, hangedman_vaults_hat,
          nicolae_vaults_octothorpe, grunt_vaults_diagonal,
          grunt_vaults_bifocal, nicolae_vaults_apartment_2, layout_vaults_ring,
          uniq_mara
Vaults:3: nicolae_vaults_diagonal_hallway_7, nicolae_vaults_sesquioval_fish,
          vaults_standard_mumra_x, nicolae_vaults_ninety_degrees,
          nicolae_vaults_storage_closets_2, nicolae_vaults_little_squares_5,
          nicolae_vaults_turnstiles, grunt_vaults_hallway_short,
          nicolae_vaults_hallways_thing, nicolae_vaults_house_1,
          vaults_mumra_minichess, nicolae_vaults_tetromino_Z_2,
          layout_vaults_omnibox, serial_shops, bzr_entry_islet
Vaults:4: gammafunk_ghost_ooze, hangedman_vaults_locks, hangedman_vaults_corner,
          nicolae_vaults_doubleplus_tesselated, vaults_room_semicircle,
          nicolae_vaults_meeting, vaults_room_corners, vaults_dpeg_diagonal,
          nicolae_vaults_diamond_1, layout_vaults_chaotic_city, serial_shops,
          bzr_entry_water, uniq_jory

Skill      XL: |  1  2  3  4  5  6  7  8  9 10 11 12 13 14 15 16 17 18 19 20 21 |
---------------+----------------------------------------------------------------+-----
Conjurations   | 6 7 8 9 10 12 13 14 15 16 | 16.0
Spellcasting   | 3 4 5 6 7 8 9 10 11 | 11.7
Translocations | 3 |  3.0
Hexes          | 3 |  3.0
Fighting       | 2 5 8 10 11 12 13 15 16 17 18 | 18.3
Armour         | 1 4 6 7 9 |  9.6
Dodging        | 3 5 7 8 9 10 11 12 13 14 15 | 15.7
Evocations     | 2 4 |  4.0
Invocations    | 2 4 6 |  6.5
Air Magic      | 3 6 10 12 14 15 16 | 16.7
Shields        | 5 |  5.0
Staves         | 1 4 6 8 9 |  9.8
Fire Magic     | 6 11 14 15 | 15.2
Polearms       | 4 10 | 10.3
Necromancy     | 1 2 9 |  9.4
Stealth        | |  2.0

Action                     |  1- 3 |  4- 6 |  7- 9 | 10-12 | 13-15 | 16-18 | 19-21 | 22-24 || total
---------------------------+-------+-------+-------+-------+-------+-------+-------+-------++-------
  Melee: Spear             |       |     9 |     5 |    17 |       |       |       |       ||    31
         Kick              |       |     3 |     1 |    11 |    81 |   139 |   237 |    14 ||   486
         Peck              |       |     1 |       |     7 |    51 |    83 |   154 |    11 ||   307
         Staff             |       |       |       |    10 |   214 |   308 |    59 |       ||   591
         Lance             |       |       |       |       |       |       |   705 |    28 ||   733
   Cast: Magic Dart        |    39 |   169 |   308 |   286 |   258 |   103 |       |       ||  1163
         Searing Ray       |     2 |     5 |    23 |    67 |    49 |     7 |       |       ||   153
         Fulminant Prism   |       |       |       |    37 |    24 |    10 |    10 |       ||    81
         Iskenderun's Myst |       |       |       |    36 |    83 |   118 |    62 |     2 ||   301
         Freezing Cloud    |       |       |       |     1 |   104 |    93 |    63 |     1 ||   262
         Fireball          |       |       |       |       |       |   141 |    11 |       ||   152
         Plasma Beam       |       |       |       |       |       |    93 |   167 |     7 ||   267
         Animate Dead      |       |       |       |       |       |       |     5 |     1 ||     6
         Death Channel     |       |       |       |       |       |       |       |     1 ||     1
 Invoke: Recall Ancestor   |       |       |     4 |    10 |    22 |    23 |    13 |     1 ||    73
         Ancestor Life: Kn |       |       |     1 |       |       |       |       |       ||     1
         Idealise          |       |       |       |       |       |     4 |     7 |       ||    11
  Evoke: Wand              |       |       |       |     4 |     1 |    11 |    24 |       ||    40
         Lightning rod     |       |       |       |     4 |       |       |     4 |       ||     8
    Use: Potion            |     1 |       |       |     4 |     6 |     9 |    11 |     1 ||    32
         Scroll            |       |     2 |     7 |    13 |    10 |     7 |    22 |       ||    61
   Stab: Distracted        |       |       |       |       |     5 |     3 |    13 |     2 ||    23
         Paralysed         |       |       |       |       |       |       |     4 |       ||     4
         Sleeping          |       |       |       |       |       |       |     1 |       ||     1
 Armour: Robe              |     1 |     7 |    13 |    30 |    12 |    40 |       |       ||   103
         Acid dragon scale |       |       |       |       |    58 |   138 |   215 |    14 ||   425
  Dodge: Dodged            |     2 |    21 |    43 |   122 |   257 |   435 |   365 |    23 ||  1268
  Block: Buckler           |       |       |       |       |    85 |   120 |   117 |     7 ||   329
